Map: Ruins of Seras

Players

HolyHit

  • Race: Protoss Protoss
  • League: Master

AcerBly (Bly) - Winner!

  • Race: Zerg Zerg

Event: Gauntlet LotV Series 1 Qualifier 1

VOD

Have the link to the VOD?

Description

Time

  • Played on: Nov. 22, 2015, 6 p.m.
  • Length: 4:37

All games in this series

Show
View Real Time Build Order
Export as new Build Order

HolyHit Protoss 

Build Orders: Nexus First 

Get SALT Encoding   

  12  0:00  Probe (Chrono Boost)  
  13  0:11  Probe (Chrono Boost)  
  14  0:18  Pylon  
  14  0:22  Probe (Chrono Boost)  
  15  0:36  Probe (Chrono Boost)  
  16  0:47  Probe (Chrono Boost)  
  17  0:59  Nexus  
  18  1:09  Gateway  
  17  1:12  Probe (Chrono Boost)  
  18  1:19  Assimilator  
  18  1:23  Probe (Chrono Boost)  
  19  1:28  Assimilator  
  19  1:34  Probe (Chrono Boost)  
  20  1:40  Gateway  
  20  1:45  Probe (Chrono Boost)  
  21  1:58  Zealot (Chrono Boost)  
  23  2:04  Cybernetics Core  
  23  2:14  Probe  
  23  2:15  Probe  
  23  2:22  Zealot (Chrono Boost)  
  28  2:34  Probe (Chrono Boost)  
  28  2:50  Probe (Chrono Boost)  
  30  2:52  Zealot  
  30  2:58  Pylon  
  28  2:59  Pylon  
  28  3:03  Pylon  
  28  3:04  Probe (Chrono Boost)  
  24  3:08  Mothership Core (Chrono Boost)  
  25  3:14  Probe (Chrono Boost)  
  24  3:25  Probe (Chrono Boost)  
  24  3:26  Probe (Chrono Boost)  
  17  3:42  Sentry  
  17  3:47  Probe (Chrono Boost)  
  18  4:11  Probe (Chrono Boost)  
  19  4:19  Probe (Chrono Boost)  
Show
View Real Time Build Order
Export as new Build Order

AcerBly Zerg - Winner!

Build Orders: Pool First 

Get SALT Encoding   

  12  0:01  Drone  
  13  0:14  Drone  
  14  0:15  Extractor  
  13  0:30  Spawning Pool  
  13  0:33  Drone  
  13  0:38  Drone  
  13  0:42  Extractor  
  13  0:46  Extractor  
  13  0:47  Drone  
  15  0:56  Overlord  
  15  1:17  Metabolic Boost, Queen  
  17  1:23  Zergling x2  
  17  1:25  Zergling x2  
  19  1:28  Zergling x2  
  20  1:34  Zergling x2  
  21  1:46  Zergling x2  
  22  1:59  Hatchery  
  21  2:09  Zergling x2  
  21  2:10  Overlord  
  22  2:34  Zergling x4  
  22  2:35  Zergling x4  
  26  2:44  Zergling x2  
  26  2:56  Zergling x2  
  26  2:57  Overlord  
  25  3:01  Zergling x6  
  27  3:07  Queen  
  29  3:26  Zergling x4  
  29  3:27  Zergling x4  
  31  3:36  Zergling x4  
  31  3:38  Zergling x6  
  32  3:52  Zergling x4  
  32  4:04  Zergling x2  
  32  4:05  Zergling x2  
  32  4:14  Zergling x10  
Tags
 
Add a new tag
Caveats
  • Supply blocks, unpowered buildings, or Contaminate may cause inaccurate times.
  • Supply counts are checked every 10 seconds.